 Dungeon Crawl Stone Soup version 0.31.0-32-g396128a36d (webtiles) character file.

Game seed: 4098755442111803844

220 AdnanSaban the Cudgeller (level 5, 0/33 HPs)
             Began as a Gargoyle Fighter on Apr 12, 2024.
             Incinerated by a bombardier beetle (3 damage)
             ... with a burning spray
             ... on level 4 of the Dungeon.
             The game lasted 00:03:17 (3243 turns).

AdnanSaban the Cudgeller (Gargoyle Fighter)         Turns: 3243, Time: 00:03:18

Health: 0/33       AC: 14    Str: 20 (22) XL:     5   Next: 97%
Magic:  5/5        EV:  7    Int:  6 (8)  God:
Gold:   222        SH:  4    Dex:  6 (9)  Spells: 4/4 levels left

rFire   . . .        a - +0 flail
rCold   . . .        c - +0 buckler
rNeg    + . .        p - +0 chain mail
rPois   ∞            o - +0 helmet
rElec   +            (no cloak)
rCorr   .            (no gloves)
SInv    .            (no boots)
Will    .....        (no amulet) Stlth
                     (no ring)
HPRegen 0.25/turn    (no ring)
MPRegen 0.09/turn

%: no passive effects
@: on fire, glowing
A: sickness immunity, AC +4, negative energy resistance 1, electricity
resistance, torment resistance 1, petrification resistance
a: no special abilities


You were on level 4 of the Dungeon.
You visited 1 branch of the dungeon, and saw 4 of its levels.

You collected 222 gold pieces.

Inventory:

Hand Weapons
 a - a +0 flail (weapon)
Missiles
 b - a throwing net (quivered)
 q - 3 boomerangs
 r - 11 poisoned darts
Armour
 c - a +0 buckler (worn)
 o - a +0 helmet (worn)
 p - a +0 chain mail (worn)
Jewellery
 s - a +6 ring of dexterity
Wands
 n - a wand of flame (11)
Scrolls
 e - 2 scrolls of noise {unknown}
 g - 5 scrolls of teleportation {unknown}
 h - 2 scrolls of enchant weapon {unknown}
 i - 4 scrolls of identify {unknown}
 k - a scroll of vulnerability {unknown}
 t - a scroll of fear {unknown}
Potions
 d - a potion of might
 f - a potion of degeneration
 j - 2 potions of curing {unknown}
 l - a potion of enlightenment {unknown}
 m - 2 potions of ambrosia {unknown}


   Skills:
 + Level 3.8 Fighting
 + Level 4.7 Maces & Flails
 + Level 4.1 Armour
 + Level 0.5 Dodging
 + Level 0.5 Stealth
 + Level 3.7 Shields


You had 4 spell levels left.
You didn't know any spells.
Your spell library contained the following spells:

 Spells                   Type           Power      Damage    Failure   Level
 Sandblast                Erth           0%         2d4       99%         1
 Slow                     Hex            0%         N/A       99%         1
 Confusing Touch          Hex            0%         N/A       100%        3
 Passwall                 Erth           0%         N/A       100%        3
 Sigil of Binding         Hex            0%         N/A       100%        3
 Stone Arrow              Conj/Erth      0%         3d7       100%        3
 Vampiric Draining        Necr           0%         2d6       100%        3
 Brom's Barrelling Bould  Conj/Erth      0%         2d3       100%        4


Dungeon Overview and Level Annotations

Branches:
Dungeon (4/15)
 Temple: D:4-7

Altars:
Xom


Innate Abilities, Weirdness & Mutations

You are immune to sickness and miasma.
Your stone body is resilient. (AC +4)
You are immune to poison.
You resist negative energy. (rN+)
You are resistant to electric shocks. (rElec)
You are resistant to unholy torment.
You are immune to petrification.


Message History

You are even more covered in liquid fire!
You barely miss the bombardier beetle.
The bombardier beetle is heavily wounded.
The liquid fire burns you!
You hit the bombardier beetle.
The bombardier beetle is severely wounded.
The liquid fire burns you!
The bombardier beetle sprays incendiary fluid at you.
The burning spray hits you.
You are even more covered in liquid fire!
You sock the bombardier beetle!
You kill the bombardier beetle!
The liquid fire burns you!
You are too injured to fight recklessly!
You are too injured to fight recklessly!
You are too injured to fight recklessly!
You are too injured to fight recklessly!
You are too injured to fight recklessly!
You are too injured to fight recklessly!
You are too injured to fight recklessly!
You are too injured to fight recklessly!
You are too injured to fight recklessly!
You are too injured to fight recklessly!
You are too injured to fight recklessly!
You are too injured to fight recklessly!
You are too injured to fight recklessly!
You are on fire!
You shake off some of the fire as you move.
The liquid fire burns you!
There is a stone staircase leading down here.
You shake off some of the fire as you move.
The liquid fire burns you!
* * * LOW HITPOINT WARNING * * *
You shake off some of the fire as you move.
The liquid fire burns you!
* * * LOW HITPOINT WARNING * * *
It was a potion of degeneration.
There was something very wrong with that liquid.
You feel weakened.
You feel dopey.
You feel clumsy. The liquid fire burns you!
You die...

# .# ###. #.. # ###
#.# .#
##.####.###.####
######.#............#
#..........@.>.†..#.
#.#####.####.##.......
##.......# #.# ...#.#.
#...###### #.. .....
#...# #..........
####...####
#..$.....#.
#.......<.# #.##...#.#
#.........# #.# ...(.#
#.(...)...#


There were no monsters in sight!

Vanquished Creatures
  A bombardier beetle (D:4)
  A jelly (D:3)
  Terence (D:2)
  Robin (D:2)
  4 adders
  2 dart slugs
  A ribbon worm (D:2)
  4 ball pythons
  8 endoplasms
  2 giant cockroaches
  11 goblins
  8 hobgoblins
  7 jackals (D:1)
  8 kobolds
  2 quokkas
  4 bats
  3 frilled lizards
  6 rats
74 creatures vanquished.

Notes
Turn   | Place    | Note
-------+----------+-------------------------------------------
     0 | D:1      | AdnanSaban the Gargoyle Fighter began the quest for the
                  | Orb.
     0 | D:1      | Reached XP level 1. HP: 14/14 MP: 1/1
    77 | D:1      | Reached XP level 2. HP: 16/19 MP: 2/2
   368 | D:1      | Reached XP level 3. HP: 23/23 MP: 3/3
   918 | D:2      | Noticed Robin
   929 | D:1      | HP: 1/23 [Robin/puff of flame (8)]
  1218 | D:2      | Found a shimmering altar of Xom.
  1427 | D:2      | Reached XP level 4. HP: 26/28 MP: 4/4
  1719 | D:2      | Killed Robin
  2160 | D:2      | Noticed Terence
  2169 | D:2      | Killed Terence
  2170 | D:2      | Reached XP level 5. HP: 30/33 MP: 5/5
  3243 | D:4      | Incinerated by a bombardier beetle

Illustrated notes

Levels and vault maps discovered:
D:1:      mrwooster_arrival_statue_3, layout_basic, minivault_27,
          serial_bayou_crossing
D:2:      minmay_razor_zed, layout_basic, basic_altar, hangedman_decor_riveting,
          uniq_robin, uniq_terence
D:3:      layout_basic
D:4:      layout_loops_ring, chequers_serial_rivers_micro_e

Skill      XL: |  1  2  3  4  5 |
---------------+----------------+-----
Maces & Flails | 3 4 |  4.7
Armour         | 4 |  4.1
Fighting       | |  3.8
Dodging        | |  0.5
Stealth        | |  0.5
Shields        | |  3.7

Action                     |  1- 3 |  4- 6 || total
---------------------------+-------+-------++-------
  Melee: Flail             |   110 |   136 ||   246
    Use: Potion            |       |     1 ||     1
   Stab: Distracted        |       |     1 ||     1
 Armour: Scale mail        |    79 |    68 ||   147
         Chain mail        |       |    22 ||    22
  Dodge: Dodged            |    54 |    66 ||   120
  Block: Buckler           |    19 |    33 ||    52
